 Dungeon Crawl Stone Soup version 0.27-a0-1431-gcffa5a9b16 (webtiles) character file.

Game seed: 14961198951519664703

14352 wesbby the Marksminotaur (level 11, -4/91 HPs)
             Began as a Minotaur Hunter on July 2, 2021.
             Was the Champion of Hepliaklqana.
             Succumbed to a black mamba's poison
             ... on level 2 of the Lair of Beasts.
             The game lasted 00:25:46 (10060 turns).

wesbby the Marksminotaur (Minotaur Hunter)         Turns: 10060, Time: 00:25:47

Health: -4/91      AC: 12    Str: 20    XL:     11   Next: 87%
Magic:  10/10      EV:  9    Int: 14    God:    Hepliaklqana [******]
Gold:   453        SH:  0    Dex: 17    Spells: 8/10 levels left

rFire    . . .     SeeInvis .   G - +5 short sword (freeze)
rCold    . . .     Faith    .   (no shield)
rNeg     . . .     Spirit   .   e - +1 chain mail
rPois    .         Reflect  .   (helmet restricted)
rElec    .         Harm     .   (no cloak)
rCorr    .         Rampage  .   (no gloves)
Will     .....                  B - +0 pair of boots {Stlth+}
Stlth    ..........             (no amulet)
HPRegen  0.25/turn              x - +6 ring of dexterity
MPRegen  0.12/turn              u - +6 ring of intelligence

@: lethally poisoned (-4 -> -28)
A: reduced essence, horns 2, retaliatory headbutt
a: Renounce Religion, Recall Ancestor, Ancestor Identity, Transference, Idealise


You were on level 2 of the Lair of Beasts.
You worshipped Hepliaklqana.
Hepliaklqana was exalted by your worship.
You visited 2 branches of the dungeon, and saw 12 of its levels.

You collected 708 gold pieces.
You spent 255 gold pieces at shops.

Inventory:

Hand Weapons
 a - a +2 shortbow
 b - a +0 short sword
 n - a +0 dagger of draining
 y - a +3 vorpal longbow
 G - a +5 short sword of freezing (weapon)
Missiles
 d - 91 arrows
 l - 7 curare-tipped darts (quivered)
Armour
 c - a +0 leather armour
 e - a +1 chain mail (worn)
 B - a +0 pair of boots of stealth (worn)
Jewellery
 j - an amulet of regeneration
 u - a +6 ring of intelligence (right hand)
 x - a +6 ring of dexterity (left hand)
 z - a ring of protection from fire
 H - a ring of magical power
Wands
 t - a wand of paralysis (10)
 A - a wand of iceblast (17)
 I - a wand of flame (12)
Scrolls
 f - 2 scrolls of magic mapping
 g - a scroll of acquirement
 h - a scroll of fog
 m - 2 scrolls of vulnerability
 p - a scroll of fear
 r - a scroll of brand weapon {unknown}
 v - 2 scrolls of teleportation
 C - a scroll of identify
 E - a scroll of enchant weapon
 F - 2 scrolls of immolation {unknown}
 L - a scroll of amnesia {unknown}
 M - a scroll of enchant armour
Potions
 i - 2 potions of degeneration
 k - 2 potions of ambrosia
 o - 5 potions of flight
 s - 4 potions of lignification
 w - 2 potions of haste
 J - a potion of magic {unknown}
 K - a potion of curing {unknown}


   Skills:
 * Level 11.1 Fighting
 * Level 16.8 Bows
 + Level 6.4 Armour
 + Level 3.1 Dodging
 - Level 1.4 Stealth


You had 8 spell levels left.
You knew the following spells:

 Your Spells              Type           Power      Damage    Failure   Level
a - Animate Skeleton      Necr           0%         N/A       94%         1
b - Summon Small Mammal   Summ           0%         N/A       94%         1

Your spell library contained the following spells:

 Spells                   Type           Power      Damage    Failure   Level
 Apportation              Tloc           0%         N/A       94%         1
 Corona                   Hex            0%         N/A       94%         1
 Foxfire                  Conj/Fire      0%         2x1d4     94%         1
 Magic Dart               Conj           0%         1d3       94%         1
 Pain                     Necr           0%         1d4       94%         1
 Sandblast                Erth           0%         2d4       94%         1
 Shock                    Conj/Air       0%         1d3       94%         1
 Sting                    Tmut/Pois      0%         1d3       94%         1
 Blink                    Tloc           N/A        N/A       98%         2
 Call Imp                 Summ           0%         N/A       98%         2
 Passwall                 Tmut/Erth      0%         N/A       98%         2
 Poisonous Vapours        Pois/Air       0%         N/A       98%         2
 Searing Ray              Conj           0%         3d3       98%         2
 Conjure Flame            Conj/Fire      0%         6-21      100%        3
 Ignite Poison            Fire/Tmut/Pois 0%         N/A       100%        3
 Inner Flame              Hex/Fire       0%         N/A       100%        3
 Lesser Beckoning         Tloc           0%         N/A       100%        3
 Mephitic Cloud           Conj/Pois/Air  0%         N/A       100%        3
 Swiftness                Air            0%         N/A       100%        3
 Vampiric Draining        Necr           0%         2d6       100%        3
 Airstrike                Air            0%         N/A       100%        4
 Animate Dead             Necr           0%         N/A       100%        4
 Fulminant Prism          Conj/Hex       0%         3d6       100%        4
 Hailstorm                Conj/Ice       0%         3d3       100%        4
 Ice Form                 Ice/Tmut       0%         N/A       100%        4
 Petrify                  Tmut/Erth      0%         N/A       100%        4
 Summon Ice Beast         Ice/Summ       0%         N/A       100%        4
 Fireball                 Conj/Fire      0%         3d3       100%        5
 Freezing Cloud           Conj/Ice/Air   0%         6-21      100%        5
 Iskenderun's Battlesphe  Conj           0%         2d6       100%        5
 Lee's Rapid Deconstruct  Erth           0%         3d5*      100%        5
 Manifold Assault         Tloc           0%         N/A       100%        5
 Metabolic Englaciation   Hex/Ice        0%         N/A       100%        5
 Conjure Ball Lightning   Conj/Air       0%         3x3d6     100%        6
 Simulacrum               Ice/Necr       0%         N/A       100%        6
 Statue Form              Tmut/Erth      0%         N/A       100%        6
 Haunt                    Necr/Summ      0%         N/A       100%        7
 Orb of Destruction       Conj           0%         N/A       100%        7
 Infestation              Necr           0%         N/A       100%        8


Dungeon Overview and Level Annotations

Branches:
Dungeon (10/15)            Temple (0/1) D:6            Lair (2/6) D:10
  Swamp: Lair:2-4    Shoals: Lair:2-4     Snake: Lair:2-4    Spider: Lair:2-4
    Orc: D:9-12

Altars:
Hepliaklqana
Ru
Uskayaw
Wu Jian
Xom
Zin

Shops:
D:1 !   D:5 (   D:8 [

Annotations:
D:7 1 runed translucent door, hilljack's ghost, novice GrEE
Lair:1 exclusion: 2 oklob plants


Innate Abilities, Weirdness & Mutations

Your life essence is reduced to manifest your ancestor. (-10% HP)
You have a pair of horns on your head.
You reflexively headbutt those who attack you in melee.


Message History

The black mamba bites Hrodulf!
You shoot an arrow.
The arrow barely misses the black mamba.
You feel very sick.
The black mamba bites Hrodulf!
Hrodulf is destroyed!
You are too injured to fight recklessly!
Unknown command.
You are too injured to fight recklessly!
Fire: 92 arrows
Press: ? - help, Q - select action, (/) - cycle Shift-Dir - straight line, f/p - black mamba
Aim: a black mamba (almost dead, unaware, hasn't noticed you, 60% to hit)
You shoot an arrow.
The arrow closely misses the black mamba.
The black mamba hisses angrily.
You feel very sick. The black mamba bites you.
The black mamba bites you but does no damage.
Okay, then.
Your +5 short sword of freezing glows with a cold blue light!
G - a +5 short sword of freezing (weapon)
You feel sick. The black mamba bites you!
* * * LOW HITPOINT WARNING * * *
You closely miss the black mamba.
The black mamba is almost dead.
You feel very sick. The black mamba bites you!
* * * LOW HITPOINT WARNING * * *
The black mamba bites you.
* * * LOW HITPOINT WARNING * * *
You are more poisoned.
The black mamba poisons you!
Okay, then.
As you read the scroll of summoning, it crumbles to dust.
Wisps of shadow whirl around you...
* * * LOW HITPOINT WARNING * * *
You feel extremely sick. The black mamba closely misses you.
You furiously retaliate!
You headbutt the black mamba, but do no damage.
You die...

.........# ...#......
.......... ...#P.....
## #. ##..#.. ##.( .
##.... ..(. #### #.
#...# #.(###.P## #..
#...#
#(.S.@...####>#####...
#.S.S##...##...#.##.##
###.#####..#.#..#.....
#. ##.†##........# $.
#........#..... #..
#..#.......P..^.# ...
#.#.#..#.......P#
..P#..#..#.#.#......##
#####...###...##.#


You could see a black mamba (ally target), a friendly black mamba (summoned) and
a friendly water moccasin (summoned).

Vanquished Creatures
  Erolcha (D:9)
  Pikel (D:7)
  4 black mambas
  2 polar bears (Lair:1)
  A troll (D:10)
  2 blink frogs (Lair:2)
  9 yaks
  A basilisk (Lair:1)
  A steam dragon (D:9)
  5 water moccasins
  A necrophage (D:3)
  3 centaurs
  Blork the orc (D:5)
  A kobold brigand (D:10)
  7 bullfrogs
  4 scorpions
  10 killer bees
  A water moccasin skeleton (D:6)
  6 electric eels (D:9)
  4 wights
  2 centaur zombies
  4 hounds
  A bullfrog skeleton (D:6)
  A jelly (D:6)
  An orc priest (D:8)
  A centaur skeleton (D:5)
  An iguana (D:6)
  A killer bee zombie (D:9)
  A howler monkey zombie (D:9)
  4 gnolls
  7 adders
  A shadow imp (D:8)
  A white imp (D:5)
  2 worms
  2 dart slugs
  13 orcs
  4 endoplasms
  3 giant cockroaches
  2 goblins
  2 hobgoblins
  A jackal (D:4)
  2 quokkas (D:1)
  5 ball pythons
  3 bats
  3 frilled lizards
  7 kobolds
  7 rats
147 creatures vanquished.

Vanquished Creatures (collateral kills)
  2 hydras
  A two-headed ogre (D:10)
  3 black mambas
  A cane toad (Lair:1)
  2 komodo dragons
  A rime drake (Lair:1)
  A blink frog (Lair:2)
  A wyvern (D:9)
  4 yaks
  Edmund (D:6)
  An acid dragon (D:8)
  2 water moccasins
  A black bear (D:5)
  An orc warrior (D:8)
  A necrophage (D:4)
  2 lemures (D:7)
  2 phantoms
  A gnoll sergeant (D:7)
  2 scorpions
  A wight (D:10)
  An electric eel (Lair:1)
  A centaur zombie (D:7)
  2 hounds
  A jelly (D:5)
  An orc priest (D:5)
  A bullfrog skeleton (D:6)
  2 orc wizards
  A killer bee zombie (D:8)
  2 howler monkey zombies (D:5)
  2 adders
  3 gnolls (D:6)
  An adder skeleton (D:5)
  8 orcs
  2 ball pythons
  An endoplasm (D:1)
  A giant cockroach (D:4)
  2 jackals (D:4)
  4 kobolds
67 creatures vanquished.

Vanquished Creatures (others)
  2 ancestors (D:2)
  6 battlemagi
  5 fungi
  23 plants
36 creatures vanquished.

Grand Total: 250 creatures vanquished

Notes
Turn   | Place    | Note
-------+----------+-------------------------------------------
     0 | D:1      | wesbby the Minotaur Hunter began the quest for the Orb.
     0 | D:1      | Reached XP level 1. HP: 18/18 MP: 0/0
   194 | D:1      | Reached XP level 2. HP: 25/25 MP: 1/1
   252 | D:1      | Found Sotaips's Distillery.
   378 | D:1      | Found a faded altar of an unknown god.
   385 | D:1      | Became a worshipper of Hepliaklqana the Forgotten
   385 | D:1      | Reached * piety under Hepliaklqana
   438 | D:1      | Reached skill level 5 in Bows
  1117 | D:2      | Reached XP level 3. HP: 27/27 MP: 2/2
  1717 | D:2      | Reached ** piety under Hepliaklqana
  1718 | D:2      | Remembered your ancestor Hrodulf as a battlemage
  1743 | D:3      | Noticed a scorpion
  1750 | D:3      | Killed a scorpion
  1751 | D:3      | Reached skill level 6 in Bows
  1751 | D:3      | Reached skill level 1 in Armour
  1751 | D:3      | Reached XP level 4. HP: 33/33 MP: 3/3
  1989 | D:3      | Noticed a necrophage
  1999 | D:3      | Killed a necrophage
  2000 | D:3      | Reached skill level 7 in Bows
  2000 | D:3      | Reached XP level 5. HP: 40/40 MP: 4/4
  2444 | D:4      | Reached XP level 6. HP: 45/45 MP: 5/5
  2546 | D:4      | Noticed a water moccasin
  2552 | D:4      | Killed a water moccasin
  2553 | D:4      | Reached skill level 8 in Bows
  2783 | D:5      | Entered Level 5 of the Dungeon
  2800 | D:5      | Reached XP level 7. HP: 52/52 MP: 6/6
  2868 | D:5      | Reached skill level 9 in Bows
  3095 | D:5      | Found Ceitekac's Hydra Hut.
  3108 | D:5      | Noticed a seven-headed hydra
  3168 | D:5      | Reached *** piety under Hepliaklqana
  3247 | D:5      | Noticed Blork the orc
  3261 | D:5      | Killed Blork the orc
  3455 | D:5      | Reached skill level 5 in Fighting
  3455 | D:5      | Reached XP level 8. HP: 61/61 MP: 7/7
  3460 | D:5      | Reached skill level 10 in Bows
  3918 | D:6      | Found a staircase to the Ecumenical Temple.
  3935 | D:6      | Noticed Edmund
  3944 | D:6      | Killed Edmund
  3945 | D:6      | Reached skill level 1 in Stealth
  4101 | D:6      | Reached skill level 11 in Bows
  4259 | D:6      | Reached **** piety under Hepliaklqana
  4615 | D:7      | Reached XP level 9. HP: 70/70 MP: 8/8
  4631 | D:7      | Identified a scroll of acquirement
  4631 | D:7      | Acquired a +2 vorpal longbow
  4646 | D:7      | Found a runed translucent door.
  4646 | D:7      | Found a shimmering altar of Xom.
  4646 | D:7      | Noticed a +2 spear of chaos
  4646 | D:7      | Noticed hilljack's ghost (novice GrEE)
  4817 | D:7      | Found an ornate altar of the Wu Jian Council.
  4818 | D:7      | Found a glowing silver altar of Zin.
  4823 | D:7      | Found a hide-covered altar of Uskayaw.
  5232 | D:7      | Noticed Pikel
  5242 | D:7      | Killed Pikel
  5243 | D:7      | Reached skill level 12 in Bows
  5798 | D:8      | Found Racush's Antique Armour Shop.
  5902 | D:8      | Bought a pair of glowing boots for 255 gold pieces
  5938 | D:8      | Reached ***** piety under Hepliaklqana
  6240 | D:8      | Reached skill level 13 in Bows
  6502 | D:9      | Reached XP level 10. HP: 79/81 MP: 9/9
  6504 | D:9      | Noticed Erolcha
  6512 | D:9      | Noticed a two-headed ogre
  6829 | D:9      | Killed Erolcha
  6855 | D:9      | Learned a level 1 spell: Animate Skeleton
  6857 | D:9      | Learned a level 1 spell: Summon Small Mammal
  7206 | D:9      | Found a shimmering altar of Xom.
  7206 | D:9      | Found a sacrificial altar of Ru.
  7518 | D:10     | Entered Level 10 of the Dungeon
  7602 | D:10     | Found a staircase to the Lair.
  7610 | D:10     | Reached skill level 14 in Bows
  7848 | D:10     | Noticed a two-headed ogre
  7857 | D:10     | Killed a two-headed ogre
  7858 | D:10     | Reached skill level 5 in Armour
  7904 | D:10     | Reached skill level 10 in Fighting
  8355 | Lair:1   | Entered Level 1 of the Lair of Beasts
  8356 | Lair:1   | Noticed a black mamba
  8358 | Lair:1   | Noticed a black mamba
  8361 | Lair:1   | Killed a black mamba
  8386 | Lair:1   | Killed a black mamba
  8387 | Lair:1   | Reached skill level 15 in Bows
  8387 | Lair:1   | Reached XP level 11. HP: 79/89 MP: 10/10
  8497 | Lair:1   | Reached ****** piety under Hepliaklqana
  8855 | Lair:1   | Noticed an eight-headed hydra
  8860 | Lair:1   | Killed an eight-headed hydra
  9012 | Lair:1   | Noticed an oklob plant
  9012 | Lair:1   | Noticed an oklob plant
  9163 | Lair:1   | Reached skill level 16 in Bows
  9740 | Lair:2   | Noticed a five-headed hydra
  9750 | Lair:2   | Killed a five-headed hydra
 10020 | Lair:2   | Got the Almanac of Venomous Calling
 10059 | Lair:2   | HP: 2/91 [poisoned by a black mamba]
 10060 | Lair:2   | Succumbed to a black mamba's poison

Illustrated notes

Levels and vault maps discovered:
D:1:      amcnicky_arrival_single_pillar, layout_loops_ring,
          dilly_ecumenical_altar_fadedgnrine, serial_shops, nicolae_shop_stone,
          minivault_19, minmay_circled_x
D:2:      layout_loops_corners, grunt_ministairs_10
D:3:      layout_rooms, minivault_14
D:4:      layout_rooms
D:5:      layout_cave_pools, doesnt_shop_hydraphobe, uniq_blork_the_orc
D:6:      layout_cave_pools, temple_pool_b, serial_park, serial_park_avenue1,
          serial_park_tiny_pond, serial_park_square3
          [serial_park_minivault_5x5_6], serial_park_tiny_pond, uniq_edmund
D:7:      layout_basic, minitemple, ebering_ghost_xom, st_stairs_8,
          chequers_serial_rivers_room_b, uniq_pikel
D:8:      layout_cave_pools, serial_shops, nicolae_stop_n_shop_2, serial_park,
          serial_park_tiny_2, serial_park_gazebo [serial_park_minivault_5x5_2]
D:9:      layout_rooms, jmf_multi_god_temple, chequers_big_river,
          kennysheep_generic_room_11, uniq_erolcha
D:10:     layout_stronghold, lair_entry_dummy
Lair:1:   layout_chaotic_city, cheibrodos_lair_lostbears,
          infiniplex_staircase_pool_2, minmay_lair_oklob_chamber,
          serial_bayou_shore_a
Lair:2:   layout_misc_corridors, minmay_snake_entry_six_corridors, minivault_25,
          hibernation_bobbens

Skill      XL: |  1  2  3  4  5  6  7  8  9 10 11 |
---------------+----------------------------------+-----
Bows           | 5 6 7 8 9 11 13 15 16 | 16.8
Armour         | 1 2 3 4 5 6 |  6.4
Fighting       | 3 5 6 8 10 11 | 11.1
Stealth        | 1 |  1.4
Dodging        | 3 |  3.1

Action                   |  1- 3 |  4- 6 |  7- 9 | 10-12 || total
-------------------------+-------+-------+-------+-------++-------
Melee: Dagger            |       |       |    10 |       ||    10
       Headbutt          |       |       |     1 |       ||     1
       Short sword       |       |       |       |     1 ||     1
 Fire: Shortbow          |    76 |    89 |   155 |       ||   320
       Longbow           |       |       |    65 |   161 ||   226
Invok: Ancestor Identity |     1 |       |       |       ||     1
       Ancestor Life: Ba |     1 |       |       |       ||     1
  Use: Scroll            |       |       |    15 |     6 ||    21
       Potion            |       |       |     6 |     1 ||     7
 Stab: Distracted        |       |       |     1 |       ||     1
Armor: Chain mail        |     8 |     1 |    22 |    27 ||    58
Dodge: Dodged            |     9 |     4 |    14 |    21 ||    48

Table legend: (Time is in decaauts)
 A = Elapsed time spent in this place.
 B = Non-inter-level travel time spent in this place.
 C = Inter-level travel time spent in this place.
 D = Time resting spent in this place.
 E = Time spent auto-exploring this place.
 F = Levels seen in this place.
 G = Mean time per level.
                   A        B        C        D        E       F      G
               +--------+--------+--------+--------+--------+-----+--------+
         Total |  10040 |   9381 |    659 |      0 |   7648 |  12 |  836.7 |
       Dungeon |   8325 |   7666 |    659 |      0 |   6330 |  10 |  832.5 |
          Lair |   1715 |   1715 |      0 |      0 |   1318 |   2 |  857.5 |
               +--------+--------+--------+--------+--------+-----+--------+

Top non-repeatable levels by time:
     D:7: 1252 daAuts
  Lair:1: 1208 daAuts
     D:5: 1076 daAuts
     D:2: 994 daAuts
     D:8: 962 daAuts
     D:9: 863 daAuts
    D:10: 836 daAuts
     D:1: 751 daAuts
     D:3: 554 daAuts
     D:6: 551 daAuts
  Lair:2: 506 daAuts
     D:4: 481 daAuts
